Cogmind - Beta 14 @@@ ROGUE MODE // 2024.09.28 @ 11:20:23 Player: Daffa0360 Result: Destroyed by D-53 Grenadier with Mini Grenade Launcher Performance ------------- Evolutions (0) 0 Regions Visited (2) 400 Robots Destroyed (3) 15 Value Destroyed (90) 90 Prototype IDs (0) 0 Alien Tech Used (0) 0 Bonus (0) 0 TOTAL SCORE: 505 Bonus ------- None Cogmind --------- Core Integrity 0/250 Matter 300/300 Energy 100/100 System Corruption 6% Temperature Cool (0) Movement Core (150) Ox2 Location -10/Mines Parts ------- > --- POWER (1) -------- (None) > --- PROPULSION (2) --- (None) > --- UTILITY (2) ------ Small Storage Unit > --- WEAPON (2) ------- Minigun > --- INVENTORY (8) ---- Compact Matter Pod (150) Machine Analyzer Improved Terrain Scanner Seismic Detector Ion Cannon Datajack Heavy Mace Peak State ------------ > --- POWER ------------ Ion Engine > --- PROPULSION ------- Aluminum Leg VSS Leg > --- UTILITY ---------- Small Storage Unit Seismic Detector > --- WEAPON ----------- Medium Laser Minigun > --- INVENTORY -------- Ion Engine Compact Wheel Machine Analyzer Improved Terrain Scanner Seismic Detector Small Laser Datajack Heavy Mace [Rating: 12] Favorites ----------- Power Ion Engine Engine Ion Engine Propulsion Aluminum Leg Leg Aluminum Leg Utility Small Storage Unit Device Seismic Detector Storage Small Storage Unit Weapon Medium Laser Energy Gun Medium Laser Ballistic Gun Minigun Build | -11 -10 -10 ------- Run | Yrd Mat Min Slots Evolved . | . . . Power . | . . . Propulsion . | . . . Utility . | . . . Weapon . | . . . Parts Attached 4 | . 1 3 Power 1 | . . 1 Engine 1 | . . 1 Core . | . . . Reactor . | . . . Propulsion 1 | . . 1 Treads . | . . . Leg 1 | . . 1 Wheel . | . . . Hover . | . . . Flight . | . . . Utility 1 | . 1 . Device 1 | . 1 . Storage . | . . . Processor . | . . . Hackware . | . . . Protection . | . . . Artifact . | . . . Weapon 1 | . . 1 Energy Gun . | . . . Energy Cannon . | . . . Ballistic Gun 1 | . . 1 Ballistic Cannon . | . . . Launcher . | . . . Special Weapon . | . . . Impact Weapon . | . . . Slashing Weapon . | . . . Piercing Weapon . | . . . Special Melee Weapon . | . . . Unidentified Prototypes . | . . . Parts Lost 6 | . . 6 Power 2 | . . 2 Propulsion 2 | . . 2 Utility 1 | . . 1 Weapon 1 | . . 1 Highest Loss Streak 3 | . . 3 To Critical Strikes . | . . . Average Slot Usage (%) 91 | . 93 90 Engine 13 | . 14 12 Leg 26 | . 28 25 Device 8 | . 7 8 Storage 14 | . 14 14 Energy Gun 14 | . 14 14 Ballistic Gun 14 | . 14 14 Peak Build Rating 12 | 7 8 12 Average Rating 9 | 6 7 9 On Entrance 7 | 6 7 8 Naked Turns . | . . . Heaviest Build 16 | 14 15 16 Greatest Support 22 | 20 20 22 Greatest Overweight (x) 1 | . . 1 Average Overweight (x) . | . . . Largest Inventory Capacity 8 | 8 8 8 Average Capacity 8 | 8 8 8 Most Carried 8 | 8 8 8 Average Carried 7 | 6 8 7 Final Capacity 8 | 8 8 8 Final Carried 8 | 8 8 7 Class Distribution -------------------- 100% | Mutant Dominant Class ---------------- Mutant | -10/Materials Mutant | -10/Mines Resources | -11 -10 -10 ----------- Run | Yrd Mat Min Matter Collected 388 | 212 . 176 Remotely . | . . . Salvage Created 229 | 85 . 144 Parts 8 | 7 . 1 Haulers Intercepted . | . . . Recyclers Shooed 1 | 1 . . Parts Field Recycled . | . . . Retrieved Matter . | . . . Parts Self-Destructed . | . . . Prevented . | . . . Kills | -11 -10 -10 ------- Run | Yrd Mat Min Combat Hostiles Destroyed 8 | . . 8 Guns 8 | . . 8 Classes Destroyed 4 | 2 . 2 Tunneler 1 | 1 . . Recycler 1 | 1 . . Grunt 1 | . . 1 Assembled 7 | . . 7 Best Kill Streak 3 | 2 . 3 Combat Bots Only 3 | . . 3 Max Kills in Single Turn 1 | 1 . 1 Gunslinging . | . . . Exploded . | . . . Melee . | . . . Uniques/NPCs Destroyed . | . . . Combat | -11 -10 -10 -------- Run | Yrd Mat Min Hostile Shots Fired 62 | . . 62 Missed 14 | . . 14 Damage Taken 897 | . . 897 Core 262 | . . 262 Absorbed by Shields . | . . . Core Remaining (%) 100 | 100 . . Volleys Fired 35 | 4 . 31 Largest 2 | 2 . 2 Hottest 75 | 70 . 75 Shots Fired 70 | 8 . 62 Gun 70 | 8 . 62 Cannon . | . . . Launcher . | . . . Special . | . . . Kinetic 35 | 4 . 31 Thermal 35 | 4 . 31 Explosive . | . . . Electromagnetic . | . . . Robot Hit Streak 5 | 3 . 5 Robot Miss Streak 5 | 2 . 5 Penetration Max . | . . . Secondary Targets 1 | . . 1 Max Gunslinging Chain 1 | . . 1 Shots Hit Robots 34 | 4 . 30 Core Hits 19 | 3 . 16 Critical Kills . | . . . Critical Parts Destroyed . | . . . Critical Strikes 3 | . . 3 Burn 3 | . . 3 Melee Attacks . | . . . Impact . | . . . Slashing . | . . . Piercing . | . . . Sneak Attacks . | . . . Combat Hostiles . | . . . Follow-up Attacks . | . . . Damage Inflicted 475 | 52 . 423 Guns 475 | 52 . 423 Cannons . | . . . Explosions . | . . . Melee . | . . . Ramming . | . . . Kinetic 260 | 28 . 232 Thermal 215 | 24 . 191 Explosive . | . . . Electromagnetic . | . . . Impact . | . . . Slashing . | . . . Piercing . | . . . Highest Corruption 6 | . . 6 Average Corruption 5 | . . 5 Corruption Purged . | . . . Corruption Blocked . | . . . Effects 6 | . . 6 Message Errors 3 | . . 3 Matter Fused 2 | . . 2 Data Loss (minor) 1 | . . 1 Overload Shots . | . . . Overflow Damage . | . . . Projectiles . | . . . Explosions . | . . . Melee . | . . . Knockbacks . | . . . Impact . | . . . Kinetic . | . . . Secondary . | . . . Self-Inflicted Damage . | . . . Shots . | . . . Rammed . | . . . Targets Rammed . | . . . Kicked . | . . . Crushed . | . . . Highest Temperature 156 | 38 . 156 Average Temperature 65 | 17 . 71 Received Heat Transfer 116 | . . 116 Siege Activations . | . . . Robots Corrupted . | . . . Combat Hostiles . | . . . Parts Fried . | . . . Impact Corruptions . | . . . Robots Melted . | . . . Combat Hostiles . | . . . Parts Melted . | . . . Heat Transferred 851 | 74 . 777 Parts Sabotaged . | . . . Parts Stolen . | . . . Parts Stripped . | . . . Power Chain Reactions . | . . . Alert | -11 -10 -10 ------- Run | Yrd Mat Min Peak Influence 76 | 10 16 76 Initial 6 | . 6 6 Average 39 | 8 13 47 Maximum Alert Level . | . . . Low Security (%) 100 | 100 100 100 Level 1 . | . . . Level 2 . | . . . Level 3 . | . . . Level 4 . | . . . Level 5 . | . . . High Security . | . . . Max Security . | . . . Squads Dispatched . | . . . Investigation . | . . . Extermination . | . . . Reinforcement . | . . . Assault . | . . . Garrison . | . . . Intercept . | . . . Searches Triggered . | . . . Construction Impeded . | . . . Haulers Reinforced . | . . . Active Scanning Responses . | . . . Cargo Convoy Interrupts . | . . . Stealth | -11 -10 -10 --------- Run | Yrd Mat Min Distress Signals . | . . . Communications Jammed . | . . . Distress Signals . | . . . Times Spotted 19 | . . 19 Peak Tracking Total 10 | . . 10 Tactical Retreats 3 | . . 3 Traps | -11 -10 -10 ------- Run | Yrd Mat Min Traps Triggered . | . . . Indirectly . | . . . Trap Hack Attempts . | . . . Triggered . | . . . Disarmed 6 | . 6 . Reprogrammed . | . . . Reused . | . . . Traps Extracted . | . . . Installed . | . . . Triggered . | . . . Machines | -11 -10 -10 ---------- Run | Yrd Mat Min Machines Disabled 3 | . . 3 Max in Single Turn 1 | . . 1 Machines Repaired . | . . . Machines Dismantled . | . . . Machines Sabotaged . | . . . Overloaded Fab Kills . | . . . Hacking | -11 -10 -10 --------- Run | Yrd Mat Min Machines Accessed 2 | . 1 1 Terminals 1 | . 1 . Fabricators . | . . . Repair Stations . | . . . Recycling Units . | . . . Scanalyzers . | . . . Garrison Access . | . . . Total Hacks 7 | . 6 1 Successful 5 | . 4 1 Failed 2 | . 2 . Catastrophic . | . . . Database Lockouts . | . . . Manual 2 | . 2 . Terminals 6 | . 6 . Fabricators . | . . . Repair Stations . | . . . Recycling Units . | . . . Scanalyzers . | . . . Garrison Access . | . . . Terminal Hacks 3 | . 2 1 Open Door 1 | . . 1 Recycling Unit Index 1 | . 1 . Disarm Traps 1 | . 1 . Fabricator Hacks . | . . . Repair Station Hacks . | . . . Recycling Unit Hacks . | . . . Scanalyzer . | . . . Garrison Access Hacks . | . . . Unauthorized Hacks 2 | . 2 . Terminals 2 | . 2 . Botnet 1 | . 1 . Skim 1 | . 1 . Fabricators . | . . . Repair Stations . | . . . Recycling Units . | . . . Scanalyzers . | . . . Garrison Access . | . . . Data Cores Recovered . | . . . Used . | . . . Hacking Detections 1 | . 1 . Full Trace Events . | . . . Feedback Events . | . . . Feedback Blocked . | . . . Robot Schematics Acquired . | . . . Robots Built . | . . . Authchips . | . . . Time . | . . . Total Robot Build Rating . | . . . Part Schematics Acquired . | . . . Parts Built . | . . . Authchips . | . . . Time . | . . . Total Part Build Rating . | . . . Parts Repaired . | . . . Time . | . . . Parts Recycled . | . . . Recycled Matter . | . . . Retrieved Matter . | . . . Retrieved Components . | . . . Parts Scanalyzed . | . . . Part Schematics Acquired . | . . . Parts Damaged . | . . . Bothacking | -11 -10 -10 ------------ Run | Yrd Mat Min Used RIF Installer . | . . . Robots Hacked . | . . . Non-combat . | . . . Combat . | . . . Robot Hacks Applied . | . . . Relay Couplers Released . | . . . Fabnet Peak Effective % . | . . . Robots Rewired . | . . . Allies Hacked . | . . . Hacks Repelled . | . . . Allies | -11 -10 -10 -------- Run | Yrd Mat Min Total Allies . | . . . Largest Group . | . . . Highest-Rated Group . | . . . Highest-Rated Ally . | . . . Total Orders . | . . . Ally Attacks . | . . . Total Damage . | . . . Kills . | . . . Allies Corrupted . | . . . Allies Melted . | . . . Intel | -11 -10 -10 ------- Run | Yrd Mat Min Robot Analysis Total . | . . . Derelict Logs Recovered 1 | . . 1 Drone Launches . | . . . Drone Recoveries . | . . . Exploration | -11 -10 -10 ------------- Run | Yrd Mat Min Turns Passed 611 | 35 111 465 Spaces Moved 402 | 18 92 292 Core . | . . . Treads . | . . . Legs 402 | 18 92 292 Wheels . | . . . Hover . | . . . Flight . | . . . Fastest Speed 105 | 120 120 105 Average Speed 118 | 120 120 117 Slowest Speed 190 | 120 120 190 Overloaded Moves . | . . . Propulsion Burnouts . | . . . Robots Hopped . | . . . Cave-ins Triggered . | . . . Exploration Rate (%) 29 | 2 30 55 Regions Visited 2 Branch Regions 1 Pre-discovered Areas 1 | . . 1 Known Exits Taken . | . . . Unknown Exits Taken 2 | 1 1 . Scrap Searched 1 | . . 1 Spaces Dug . | . . . Terrain Destroyed . | . . . Melee . | . . . Projectile . | . . . AOE . | . . . Terrain Rammed . | . . . Walls Destroyed . | . . . Machines Disabled . | . . . Actions | -11 -10 -10 --------- Run | Yrd Mat Min Total 476 | 23 92 361 Wait 23 | . . 23 Move 400 | 17 91 292 Hop . | . . . Pick Up 7 | 2 . 5 Fast Attach 1 | . 1 . Attach 1 | . . 1 Detach . | . . . Swap 2 | . . 2 Drop 7 | . . 7 Fire 35 | 4 . 31 Melee . | . . . Ram . | . . . Kick . | . . . Crush . | . . . Escape Stasis . | . . . Rewire . | . . . Trap . | . . . Miscellaneous . | . . . Route ------- -11/Scrapyard -10/Materials -10/Mines History --------- Turn | Location | Event 14 | -11/Scrapyard | Discovered new exit (range 3) 36 | -11/Scrapyard | Entered Materials 140 | -10/Materials | Discovered new exit (range 7) 147 | -10/Materials | Entered Mines 148 | -10/Mines | Learned location of Storage (-7) 149 | -10/Mines | Found DCF Scrap (12 items) 190 | -10/Mines | Learned 4 Materials zone layouts 245 | -10/Mines | Met a Derelict who couldn't figure out how to use a Trap Extractor 311 | -10/Mines | Build established: Mutant 366 | -10/Mines | Assembled infested the area 605 | -10/Mines | Core integrity fell below 50% 607 | -10/Mines | Core integrity fell below 20% 612 | -10/Mines | Destroyed by D-53 Grenadier with Mini Grenade Launcher Last Messages --------------- 00485_ Acquired 13 matter. 00488_ Acquired 11 matter. 00496_ as-03728 destroyed. 00501_ System corrupted: Matter fused (-5). 00544_ VSS Leg destroyed. 00544_ as-17110 destroyed. 00552_ Acquired 12 matter. 00568_ as-02124 destroyed. 00581_ Acquired 9 matter. 00582_ SOGLDYANIGM#X,CZHITZ< 00592_ Acquired 42 matter. 00604_ K-01 Serf collects debris. 00607_ The unstable cave ceiling collapses. 00608_ K-01 Serf destroyed. 00608_ K-01 Serf collects debris. 00610_ Med. Laser destroyed. 00610_ K-01 Serf destroyed. 00612_ The unstable cave ceiling collapses. 00612_ Aluminum Leg destroyed. 00612_ Ion Engine destroyed. Map ----- +----------------------------------------------------+ | ????????????????????????????????????????????? | | #####???????????????????????????????????????????? | | #???????????????????????????????????????????????? | | ????????????????????????????????????????????????? | | ????????????????????????????????????????????????? | | ????????????????????????????????????????????????? | | ????????????????????????????????????????????????? | | ????????????????????????????????????????????????? | | ####????????????????????????????????????????????? | | #????????????????????????????????????????????? | | " #????????????????????????????????????????????? | | " #????????????????????????????????????????????? | | " #????????????????????????????????????????????? | | #????????????????????????????????????????????? | | " #??????????????????# ????????????????????????? | | " #????????????????## ??????????????????????? | | " #???????????????## ??????????????????????? | | #??????????????## ??????????????????????? | | ####??????????????# ???????????????????????? | | ??????????????????#! ????????????????????????? | | ?????????????????##%= #????????????????????????? | | ?????????????##### | ######???????????????????? | | ???????????### #???????????????????? | | ??????????## #???????????????????? | | #?????????# #???????????????????? | | #????????# = % @ #???????????????????? | | #????????# !=*=! d #???????????????????? | | ????????## !% # r= #???????????????????? | | #???????## r# #???????????????????? | | #?????## #### #???????????????????? | | # ###### #??####### *#???????????????????? | | ?# % #?????????d **??????????????????? | | ??# #????????? *###?????????????????? | | ??# ##????????? #???????????????????? | | #### ### #?????????? *=???????????????????? | | #### #?## ##??????????% %*??????????????????? | | #### #??####???????????* % ??????????????????? | | # #?????????????????? % ?????????????????? | | #########?????????????????? ????????????????? | | ??????????????????????????? ??????????????????? | | ####??????????????????????? ????????????????????? | | #????????????????????????????????????????????? | | ## #????????????????????????????????????????????? | | ## ##########???????????????????????????????????? | | % #???????????????????????????????????? | | = #???????????????????????????????????? | | =% [ #???????????????????????????????????? | | """ """ """ #???????????????????????????????????? | | """ """ """ #???????????????????????????????????? | | """ """ " " #???????????????????????????????????? | +----------------------------------------------------+ Best States ------------- Heat Dissipation 25 Energy Generation 10 Energy Capacity 250 Matter Stores 300 Matter Capacity 300 Sight Range 16 Terrain Scan Density 10 Evasion (%) 55 Item Schematics ----------------- None Robot Schematics ------------------ None Fabricated ------------ Nothing Alien Tech Used ----------------- None Achievements -------------- None Challenges ------------ None Game ------ Seed SapperCargoMace Manual? 0 Play Time 00:07:16 Cumulative 110.0 hours Start 2024.09.28 @ 10:50:21 End 2024.09.28 @ 11:20:23 Sessions 2 Manual Loads 0 Difficulty Rogue Special Mode None Game No. 168 Rogue 164 Adventurer 4 Explorer 0 Win Type - Total 0 Types 0/0/0/0/0/0/0/0/0 Lore% 51 Gallery% 58 Achievement% 42 Wizard Run 0 Options --------- Layout 2 ASCII 0 Keyboard 0 Movement Mouse Keybinds 0 Fullscreen 2 Font 24/Smallcaps Map View 50x44 Zoom Use 0% Tactical HUD 1 Map Filters NONE Filters NONE Steam 1 RUN: 0878752e-a6a8-4a4c-ad4d-3b917b397930